 Dungeon Crawl Stone Soup version 0.29-a0-1009-g60c99734e7 (webtiles) character file.

Game seed: 4622324030983484203

375 leavemydog the Conjurer (level 6, -5/32 HPs)
             Began as a Deep Elf Conjurer on Aug 8, 2022.
             Killed from afar by a white imp (7 damage)
             ... with a puff of frost
             ... on level 5 of the Dungeon.
             The game lasted 00:06:37 (3617 turns).

leavemydog the Conjurer (Deep Elf Conjurer)         Turns: 3617, Time: 00:06:38

Health: -5/32      AC:  2    Str:  6    XL:     6   Next: 44%
Magic:  11/17      EV: 12    Int: 23    God:
Gold:   180        SH:  0    Dex: 13    Spells: 10/17 levels left

rFire   . . .      SeeInvis .   (no weapon)
rCold   . . .      Faith    .   j - orb {mayhem}
rNeg    . . .      Spirit   .   a - +0 robe
rPois   .          Reflect  .   (no helmet)
rElec   .          Harm     .   o - +0 cloak
rCorr   .          Rampage  .   (no gloves)
Will    .....                   (no boots)
Stlth   ++........              n - amulet of magic regeneration
HPRegen 0.10/turn               v - +4 ring of slaying
MPRegen 0.55/turn               (no ring)

@: unable to read
A: deformed body, inability to read while threatened 1
a: no special abilities


You were on level 5 of the Dungeon.
You visited 1 branch of the dungeon, and saw 5 of its levels.

You collected 180 gold pieces.

Inventory:

Missiles
 w - 2 poisoned darts
Armour
 a - a +0 robe (worn)
 j - an orb of mayhem (worn)
 o - a +0 cloak (worn)
 q - an orb of guile
Jewellery
 n - an amulet of magic regeneration (around neck)
 v - a +4 ring of slaying (left hand)
Scrolls
 d - a scroll of teleportation {unknown}
 f - a scroll of fear
 i - 2 scrolls of immolation {unknown}
 l - a scroll of blinking {unknown}
 r - a scroll of summoning {unknown}
 s - 2 scrolls of enchant armour {unknown}
 t - a scroll of brand weapon {unknown}
 u - a scroll of fog {unknown}
Potions
 b - a potion of magic
 c - 2 potions of attraction
 e - a potion of brilliance
 g - a potion of flight {unknown}
 h - a potion of heal wounds {unknown}
 k - 3 potions of haste
 m - 2 potions of curing {unknown}
 p - a potion of degeneration {unknown}
 x - a potion of resistance {unknown}


   Skills:
 - Level 2.4 Dodging
 - Level 2.4 Stealth
 + Level 6.1 Spellcasting
 + Level 7.0 Conjurations
 * Level 1.5 Translocations


You had 10 spell levels left.
You knew the following spells:

 Your Spells              Type           Power      Damage    Failure   Level
a - Magic Dart            Conj           100%       1d8       1%          1
b - Searing Ray           Conj           78%        2d7       1%          2
c - Iskenderun's Mystic   Conj/Tloc      26%        2d7       14%         4

Your spell library contained the following spells:

 Spells                   Type           Power      Damage    Failure   Level
 Foxfire                  Conj/Fire      92%        2x1d8     1%          1
 Conjure Flame            Conj/Fire      23%        6-21      6%          3
 Dazzling Flash           Conj/Hex       46%        N/A       6%          3
 Sandblast                Erth           14%        2d6       9%          1
 Mephitic Cloud           Conj/Pois/Air  17%        N/A       10%         3
 Gell's Gravitas          Tloc           14%        N/A       13%         3
 Lesser Beckoning         Tloc           14%        N/A       13%         3
 Teleport Other           Tloc           14%        N/A       13%         3
 Flame Wave               Conj/Fire      23%        2d8       21%         4
 Fulminant Prism          Conj/Hex       11%        3d9       21%         4
 Ignite Poison            Fire/Tmut/Pois 7%         N/A       26%         3
 Inner Flame              Hex/Fire       7%         N/A       26%         3
 Freezing Cloud           Conj/Ice/Air   8%         6-21      65%         5


Dungeon Overview and Level Annotations

Branches:
Dungeon (5/15)
 Temple: D:4-7

Altars:
Dithmenos
Fedhas
Kikubaaqudgha
Okawaru
Qazlal
Xom
Yredelemnul

Portals:
Ossuary: D:5


Innate Abilities, Weirdness & Mutations

Armour fits poorly on your strangely shaped body.
You occasionally lose the ability to read scrolls when taking damage.


Message History

The magic dart hits the white imp.
The white imp is moderately wounded.
The white imp gestures at you. The puff of frost hits you!
The magic dart hits the white imp but does no damage.
The white imp is moderately wounded.
The white imp gestures at you. The puff of frost hits you!
You are too injured to fight recklessly!
You are too injured to fight recklessly!
You are too injured to fight recklessly!
Casting: Magic Dart (safe; 1% risk of failure)
Confirm with . or Enter, or press ? or * to list all spells.
Aiming: Magic Dart (safe; 1% risk of failure)
Press: ? - help, Shift-Dir - straight line, f/p - white imp
Aim: a white imp (moderately wounded, 100% to hit)
The magic dart hits the white imp.
The white imp is heavily wounded.
Casting: Magic Dart (safe; 1% risk of failure)
Confirm with . or Enter, or press ? or * to list all spells.
Aiming: Magic Dart (safe; 1% risk of failure)
Press: ? - help, Shift-Dir - straight line, f/p - white imp
Aim: a white imp (heavily wounded, 100% to hit)
The magic dart hits the white imp but does no damage.
The white imp is heavily wounded.
The white imp hits you.
* * * LOW HITPOINT WARNING * * *
The white imp freezes you.
You feel threatened and lose the ability to read scrolls!
* * * LOW HITPOINT WARNING * * *
Casting: Magic Dart (safe; 1% risk of failure)
Confirm with . or Enter, or press ? or * to list all spells.
Aiming: Magic Dart (safe; 1% risk of failure)
Press: ? - help, Shift-Dir - straight line, f/p - white imp
Aim: a white imp (heavily wounded, 100% to hit)
The magic dart hits the white imp but does no damage.
The white imp is heavily wounded.
The white imp gestures at you. The puff of frost hits you!
You die...

..######..####.#####.#
...................<.#
#.######..####.#######
#.......# ##.######
#.# ##########.#
#........#.#####
.####.@5......#
#.#######.# ... ##..
#.. ... ##.. ..∩


You could see a white imp.

Vanquished Creatures
  Pargi (D:4)
  A scorpion (D:4)
  A howler monkey (D:5)
  A hound (D:4)
  An orc wizard (D:4)
  Terence (D:3)
  3 adders
  A worm zombie (D:5)
  A worm (D:2)
  2 dart slugs
  3 orcs
  6 bats
  7 endoplasms
  2 giant cockroaches
  7 goblins
  6 hobgoblins
  11 jackals
  A quokka (D:2)
  4 ball pythons
  2 frilled lizards
  A kobold (D:2)
  3 rats
66 creatures vanquished.

Vanquished Creatures (others)
  A fungus (D:1)
1 creature vanquished.

Grand Total: 67 creatures vanquished

Notes
Turn   | Place    | Note
-------+----------+-------------------------------------------
     0 | D:1      | leavemydog the Deep Elf Conjurer began the quest for the
                  | Orb.
     0 | D:1      | Reached XP level 1. HP: 10/10 MP: 6/6
   160 | D:1      | Reached XP level 2. HP: 15/15 MP: 4/8
   163 | D:1      | Learned a level 2 spell: Searing Ray
   387 | D:1      | Reached skill level 5 in Conjurations
   437 | D:1      | Found a faded altar of an unknown god.
   442 | D:1      | Got Plato's Secrets of Excavation
  1098 | D:2      | Reached XP level 3. HP: 19/19 MP: 7/9
  1181 | D:2      | Found a shadowy altar of Dithmenos.
  1694 | D:2      | Gained mutation: You do not regenerate when monsters are
                  | visible. [potion of mutation]
  1694 | D:2      | Gained mutation: You are robust. (+10% HP) [potion of
                  | mutation]
  1694 | D:2      | Gained mutation: You passively dampen the noise of your
                  | surroundings. [potion of mutation]
  1766 | D:3      | Lost mutation: You do not regenerate when monsters are
                  | visible. [potion of mutation]
  1766 | D:3      | Lost mutation: You passively dampen the noise of your
                  | surroundings. [potion of mutation]
  1766 | D:3      | Lost mutation: You are robust. (+10% HP) [potion of
                  | mutation]
  1766 | D:3      | Gained mutation: You have hidden genetic defects. [potion
                  | of mutation]
  2222 | D:3      | Gained mutation: You occasionally lose the ability to read
                  | scrolls when taking damage. [hidden defects]
  2318 | D:3      | Noticed Terence
  2323 | D:3      | Killed Terence
  2324 | D:3      | Reached XP level 4. HP: 24/24 MP: 7/12
  2331 | D:3      | Gained mutation: Armour fits poorly on your strangely
                  | shaped body. [hidden defects]
  2331 | D:3      | Lost mutation: You have hidden genetic defects. [hidden
                  | defects expressed]
  2557 | D:3      | Found a basalt altar of Yredelemnul.
  2639 | D:3      | Found a blossoming altar of Fedhas.
  2687 | D:4      | Found a shimmering altar of Xom.
  2687 | D:4      | Found a stormy altar of Qazlal.
  2732 | D:4      | Reached skill level 6 in Conjurations
  2820 | D:4      | Reached XP level 5. HP: 26/28 MP: 11/14
  2828 | D:4      | Found an iron altar of Okawaru.
  2925 | D:4      | Reached skill level 5 in Spellcasting
  2930 | D:4      | Learned a level 4 spell: Iskenderun's Mystic Blast
  2952 | D:4      | Noticed Pargi
  2960 | D:4      | Killed Pargi
  2961 | D:4      | Reached skill level 1 in Translocations
  2961 | D:4      | Reached XP level 6. HP: 8/32 MP: 9/16
  3296 | D:4      | Found an ancient bone altar of Kikubaaqudgha.
  3534 | D:5      | Entered Level 5 of the Dungeon
  3600 | D:5      | Reached skill level 7 in Conjurations
  3605 | D:5      | Found a sand-covered staircase.
  3617 | D:5      | Killed from afar by a white imp

Illustrated notes

Levels and vault maps discovered:
D:1:      dpeg_arrival_arbitrary_b, layout_basic,
          shapermc_ecumenical_altar_rom_forum, dreamdust_mushroom_princess,
          st_stairs_14, bh_walls_and_bars
D:2:      layout_basic, basic_altar
D:3:      layout_loops_ring, lemuel_coloured_pillars_altar, marbit_many_paths,
          uniq_terence
D:4:      layout_rooms, kennysheep_okawaru_gauntlet,
          mainiacjoe_overflow_catwalk,
          mainiacjoe_overflow_concentric_impassable, xom_butterflies, uniq_pargi
D:5:      layout_loops_corners, enter_ossuary_3, uniq_menkaure, uniq_eustachio

Skill      XL: |  1  2  3  4  5  6 |
---------------+-------------------+-----
Conjurations   | 5 6 7 |  7.0
Spellcasting   | 4 5 6 |  6.1
Translocations | 1 |  1.5
Dodging        | |  2.4
Stealth        | |  2.4

Action                   |  1- 3 |  4- 6 || total
-------------------------+-------+-------++-------
 Cast: Magic Dart        |    79 |    60 ||   139
       Searing Ray       |     1 |     5 ||     6
  Use: Scroll            |     5 |       ||     5
       Potion            |     2 |     1 ||     3
Armor: Skin              |       |     5 ||     5
       Robe              |       |     1 ||     1
Dodge: Dodged            |     5 |    11 ||    16

Table legend: (Time is in decaauts)
 A = Elapsed time spent in this place.
 B = Non-inter-level travel time spent in this place.
 C = Inter-level travel time spent in this place.
 D = Time resting spent in this place.
 E = Time spent auto-exploring this place.
 F = Levels seen in this place.
 G = Mean time per level.
                   A        B        C        D        E       F      G
               +--------+--------+--------+--------+--------+-----+--------+
         Total |   3615 |   3476 |    139 |    505 |   2603 |   5 |  723.0 |
       Dungeon |   3615 |   3476 |    139 |    505 |   2603 |   5 |  723.0 |
               +--------+--------+--------+--------+--------+-----+--------+

Top non-repeatable levels by time:
     D:1: 1010 daAuts
     D:3: 962 daAuts
     D:4: 846 daAuts
     D:2: 713 daAuts
     D:5: 82 daAuts
